 Dungeon Crawl Stone Soup version 0.19.4-8-ga85b6b9 (webtiles) character file.

2914 Rrauwl the Basher (level 9, 0/76 HPs)
             Began as a Gargoyle Berserker on Feb 14, 2017.
             Was a High Priest of Trog.
             Slain by a centaur warrior (5 damage)
             ... on level 8 of the Dungeon.
             The game lasted 00:42:54 (8066 turns).

Rrauwl the Basher (Gargoyle Berserker)              Turns: 8066, Time: 00:42:55

Health: 0/76       AC: 13    Str: 32    XL:     9   Next: 78%
Magic:  18/18      EV: 12    Int:  8    God:    Trog [*****.]
Gold:   417        SH:  0    Dex: 10    Spells: 0 memorised, 8 levels left

rFire  . . .     SeeInvis .     G - +0 whip (freeze)
rCold  . . .     Gourm    +     y - +3 leather armour
rNeg   + . .     Faith    .     (no shield)
rPois  ∞         Spirit   .     B - +0 helmet
rElec  +         Reflect  .     (no cloak)
rCorr  .         Harm     .     (no gloves)
MR     +....                    (no boots)
Stlth  ..........               f - amulet of the gourmand
                                u - ring of magical power
                                k - ring of protection from magic

@: berserking, very quick
A: claws 1, negative energy resistance 1, electricity resistance, strong 2,
unbreathing, petrification resistance, rot immunity, AC +5
a: Berserk, Trog's Hand, Brothers in Arms, Burn Spellbooks, Renounce Religion


You were on level 8 of the Dungeon.
You worshipped Trog.
Trog was extremely pleased with you.
You were very full.

You visited 1 branch of the dungeon, and saw 8 of its levels.
You also visited: Sewer.

You collected 417 gold pieces.

Inventory:

Hand Weapons
 a - a +1 mace
 F - a +1 hunting sling of flaming
 G - a +0 whip of freezing (weapon)
Missiles
 g - 71 sling bullets
 l - 7 tomahawks of dispersal (quivered)
Armour
 y - a +3 leather armour (worn)
 B - a +0 helmet (worn)
Jewellery
 b - an uncursed amulet of harm
 f - an amulet of the gourmand (around neck)
 k - a ring of protection from magic (left claw)
 n - an uncursed amulet of rage
 u - a ring of magical power (right claw)
Wands
 m - a wand of confusion (37/48)
 C - a wand of acid (8/15)
Scrolls
 e - 7 scrolls of remove curse
 h - 10 scrolls of blinking
 i - 5 scrolls of identify
 j - a scroll of enchant armour
 p - 2 scrolls of fear
 t - 2 scrolls of noise
 v - 2 scrolls of magic mapping
 D - a scroll of teleportation
 E - a scroll of immolation
 H - a scroll of recharging
Potions
 o - a potion of berserk rage
 w - a potion of might
 x - 2 potions of haste
 z - a potion of brilliance
 A - 5 potions of magic
Books
 q - a book of Callings

   Spells                             Type                      Level
   a - Summon Small Mammal            Summoning                    1
   b - Call Imp                       Summoning                    2
   c - Call Canine Familiar           Summoning                    3
   d - Summon Guardian Golem          Hexes/Summoning              3
   e - Summon Lightning Spire         Summoning/Air                4
   f - Summon Ice Beast               Ice/Summoning                4
   Trog disapproves of the use of such an item.
Comestibles
 c - 3 bread rations
 d - 4 meat rations
 r - 5 chunks of flesh
 s - a slice of pizza


   Skills:
 + Level 3.5 Fighting
 + Level 12.9 Maces & Flails
 + Level 2.3 Armour
 + Level 1.7 Dodging
 + Level 1.2 Stealth
 + Level 0.5 Evocations


You had 8 spell levels left.
You didn't know any spells.

Dungeon Overview and Level Annotations

Branches:
Dungeon (8/15)             Temple (0/1) D:4            Lair (0/6) D:8

Altars:
Ashenzari
Cheibriados
Elyvilon
Fedhas
Kikubaaqudgha
Okawaru
Qazlal
Ru
Trog
Zin
The Shining One

Shops:
D:6 [


Innate Abilities, Weirdness & Mutations

You are resistant to torment.
Your stone body is resilient. (AC +5)
You are immune to poison.
You resist negative energy. (rN+)
You are resistant to electric shocks. (rElec)
You can survive without breathing.
You are immune to petrification.
You are immune to rotting.
You have sharp fingernails.
Your muscles are very strong. (Str +4)


Message History

The arrow hits you!
* * * LOW HITPOINT WARNING * * *
Your ogre closely misses the orc.
The kobold demonologist mumbles some strange words.
You feel a strong urge to attack something.
The centaur warrior shoots an arrow.
The arrow hits you.
* * * LOW HITPOINT WARNING * * *
Your ogre hits the orc with a giant spiked club!!
The orc dies!
Trog accepts your kill.
The kobold demonologist moves out of view.
You see here an arrow.
The centaur warrior unwields an uncursed shortbow.
The centaur warrior barely misses you.
You whack the centaur warrior! You freeze the centaur warrior!
The centaur warrior is heavily wounded.
You closely miss the centaur warrior.
The centaur warrior is heavily wounded.
The centaur warrior hits you.
You die...

....#####.##.##.#
#..............
....'.....##....#
#..####.......>
....##....##.####
##.# #....##+#
....##.#.[......#
#.# #....#
#............##†#
#.. .......
#.#.#.#.#######†##
##.###....##.
###...#.# #...# .#
..<... #...#.# #
#...# .# #.#...
#...#.# #.##((@#
.# #)u###c.# #O.#
K.# #### ###


You could see a cyan ugly thing, a centaur warrior and a kobold demonologist.

Vanquished Creatures
  The ghost of Aramant the Cudgeler, a novice GrFi (D:5)
  A hungry ghost (D:7)
  Duvessa (D:6)
  An ice beast (D:5)
  A sky beast (D:8)
  A black bear (D:6)
  3 phantoms
  2 ogres (D:6)
  A big kobold (D:6)
  2 bullfrogs (Sewer)
  Dowan (D:6)
  A wyvern skeleton (D:8)
  A killer bee (D:8)
  A howler monkey (D:4)
  2 crimson imps (D:5)
  A hound (D:7)
  A jelly (D:8)
  5 orc priests
  11 orc wizards
  An iguana (D:6)
  6 worker ants
  A hound zombie (D:7)
  Robin (D:4)
  3 gnolls (D:5)
  14 adders
  4 river rats (Sewer)
  4 oozes
  A worm (D:3)
  3 dart slugs (D:2)
  7 leopard geckos
  24 orcs
  9 ball pythons
  4 giant cockroaches
  11 hobgoblins
  10 jackals
  5 quokkas
  4 bats
  10 frilled lizards
  16 goblins
  18 kobolds
  A leopard gecko skeleton (D:4)
  A leopard gecko zombie (D:7)
  33 rats
229 creatures vanquished.

Vanquished Creatures (collateral kills)
  An orc warrior (D:6)
  A centaur (D:6)
  A crocodile (D:7)
  An adder (D:7)
  3 orcs
  A jackal (D:6)
8 creatures vanquished.

Grand Total: 237 creatures vanquished

Notes
Turn   | Place    | Note
-------+----------+-------------------------------------------
     0 | D:1      | Rrauwl the Gargoyle Berserker began the quest for the Orb.
     0 | D:1      | Reached XP level 1. HP: 14/14 MP: 1/1
   333 | D:1      | Reached XP level 2. HP: 18/19 MP: 2/2
   658 | D:1      | Reached skill level 4 in Maces & Flails
   920 | D:1      | Reached XP level 3. HP: 21/23 MP: 3/3
  1414 | D:2      | Reached ** piety under Trog
  1629 | D:2      | Reached XP level 4. HP: 22/28 MP: 4/4
  2203 | D:3      | Reached skill level 5 in Maces & Flails
  2263 | D:3      | Reached XP level 5. HP: 32/32 MP: 5/5
  2601 | D:3      | Found a glowing golden altar of the Shining One.
  2603 | D:3      | Found a white marble altar of Elyvilon.
  2604 | D:3      | Found a glowing silver altar of Zin.
  2666 | D:3      | Reached skill level 6 in Maces & Flails
  3011 | D:4      | Reached XP level 6. HP: 36/37 MP: 6/6
  3016 | D:4      | Found a staircase to the Ecumenical Temple.
  3017 | D:4      | Noticed a phantom
  3063 | D:4      | Killed a phantom
  3063 | D:4      | Reached skill level 7 in Maces & Flails
  3249 | D:4      | Noticed Robin
  3260 | D:4      | Killed Robin
  3399 | D:4      | Noticed a phantom
  3448 | D:4      | Killed a phantom
  3448 | D:4      | Reached *** piety under Trog
  3448 | D:4      | Reached XP level 7. HP: 23/41 MP: 7/7
  3888 | D:5      | Entered Level 5 of the Dungeon
  3959 | D:5      | Found a bloodstained altar of Trog.
  3961 | D:5      | Found a blossoming altar of Fedhas.
  3971 | D:5      | Reached skill level 8 in Maces & Flails
  4183 | D:5      | Noticed Aramant's ghost (novice GrFi)
  4198 | D:5      | Killed Aramant's ghost
  4198 | D:5      | Reached skill level 9 in Maces & Flails
  4368 | D:5      | Reached XP level 8. HP: 42/46 MP: 8/8
  4552 | D:5      | Found a stormy altar of Qazlal.
  4674 | D:5      | Found a sacrificial altar of Ru.
  4674 | D:5      | Found a shattered altar of Ashenzari.
  4994 | D:6      | Found a snail-covered altar of Cheibriados.
  4994 | D:6      | Found an iron altar of Okawaru.
  5023 | D:6      | Reached skill level 10 in Maces & Flails
  5062 | D:6      | Reached **** piety under Trog
  5240 | D:6      | Found a glowing drain.
  5251 | Sewer    | Entered a sewer
  5657 | Sewer    | Reached ***** piety under Trog
  5762 | D:6      | Noticed Duvessa
  5770 | D:6      | Reached skill level 11 in Maces & Flails
  5781 | D:6      | Killed Duvessa
  5782 | D:6      | Noticed Dowan
  5784 | D:6      | Reached XP level 9. HP: 51/51 MP: 9/9
  5788 | D:6      | Killed Dowan
  6370 | D:6      | Reached skill level 12 in Maces & Flails
  6534 | D:6      | Found Ashuzxac's Antique Armour Boutique.
  6903 | D:7      | Found an ancient bone altar of Kikubaaqudgha.
  7351 | D:7      | Gained mutation: Your muscles are strong. (Str +2) [potion of mutation]
  7351 | D:7      | Gained mutation: You have sharp fingernails. [potion of mutation]
  7351 | D:7      | Gained mutation: Your muscles are very strong. (Str +4) [potion of mutation]
  7769 | D:8      | Received a gift from Trog
  7977 | D:8      | Found a staircase to the Lair.
  8035 | D:8      | Reached skill level 1 in Stealth
  8059 | D:8      | Noticed a centaur warrior
  8061 | D:8      | Noticed a cyan ugly thing
  8062 | D:8      | Noticed a kobold demonologist
  8066 | D:8      | Slain by a centaur warrior

Skill      XL: |  1  2  3  4  5  6  7  8  9 |
---------------+----------------------------+-----
Maces & Flails | 4 5 6 7 9 11 12 | 12.9
Stealth        | 1 |  1.2
Fighting       | |  3.5
Armour         | |  2.3
Dodging        | |  1.7
Evocations     | |  0.5

Action                   |  1- 3 |  4- 6 |  7- 9 || total
-------------------------+-------+-------+-------++-------
Melee: Mace              |   134 |   210 |   630 ||   974
       Whip              |       |       |    70 ||    70
Invok: Berserk           |     1 |     3 |     6 ||    10
       Trog's Hand       |       |       |     2 ||     2
       Brothers in Arms  |       |       |     3 ||     3
  Use: Potion            |       |     9 |     4 ||    13
       Scroll            |       |     8 |     7 ||    15
 Stab: Invisible         |       |     1 |     2 ||     3
  Eat: Chunk             |    17 |     9 |    29 ||    55
       Bread ration      |       |       |     1 ||     1
       Pizza             |       |       |     1 ||     1
Armor: Animal skin       |    29 |       |       ||    29
       Chain mail        |    17 |   106 |   283 ||   406
       Leather armour    |       |       |    67 ||    67
Dodge: Dodged            |    80 |    73 |   282 ||   435
